 Dungeon Crawl Stone Soup version 0.31-a0-344-gd109795599 (webtiles) character file.

Game seed: 17883514797670409992

249 AIAndy the Magician (level 6, -6/40 HPs)
             Began as a Djinni Fire Elementalist on July 22, 2023.
             Shot with a sling bullet by a gnoll bouda (10 damage)
             ... on level 4 of the Dungeon.
             The game lasted 00:06:39 (2470 turns).

AIAndy the Magician (Djinni Fire Elementalist)      Turns: 2470, Time: 00:06:40

Health: -6/40      AC:  3    Str:  7    XL:     6   Next: 34%
Gold:   210        EV: 12    Int: 19    God:
                   SH:  0    Dex: 13

rFire   + . .        (no weapon)
rCold   . . .        (no shield)
rNeg    . . .        a - +0 robe
rPois   ∞            (no helmet)
rElec   .            o - +0 cloak
rCorr   .            (no gloves)
SInv    +            (boots unavailable)
Will    .....        (no amulet)
Stlth   ++           C - ring of ice
HPRegen 0.26/turn    v - ring of see invisible
MPRegen 0.00/turn

%: infuse magic (-7 HP)
@: flying
A: sickness immunity, fire resistance 2, cold vulnerability 1, float, innate
caster, HP casting, extra vitality 1
a: no special abilities


You were on level 4 of the Dungeon.
You visited 1 branch of the dungeon, and saw 4 of its levels.

You collected 210 gold pieces.


Innate Abilities, Weirdness & Mutations

You are immune to sickness and miasma.
You are immune to poison.
Your flesh is very heat resistant. (rF++)
You are vulnerable to cold. (rC-)
You float through the air rather than walking.
You learn spells naturally, not from books.
Your magical power is your life essence.
You have superior vitality. (+4 MHP)


   Skills:
 - Level 2.1 Dodging
 - Level 1.5 Stealth
 + Level 5.3 Spellcasting
 + Level 5.3 Conjurations
 + Level 5.3 Hexes
 + Level 5.3 Summonings
 + Level 5.3 Necromancy
 + Level 5.3 Translocations
 + Level 5.3 Transmutations
 + Level 5.3 Fire Magic
 + Level 5.3 Ice Magic
 + Level 5.3 Air Magic
 + Level 5.3 Earth Magic
 + Level 5.3 Poison Magic


You knew the following spells:

 Your Spells              Type           Power      Damage    Failure   Level
a - Flame Wave            Conj/Fire      25%        2d8       14%         4
c - Call Imp              Summ           50%        N/A       1%          2
f - Inner Flame           Hex/Fire       25%        N/A       4%          3
z - Summon Small Mammal   Summ           100%       N/A       1%          1
X - Foxfire               Conj/Fire      100%       2x1d9     1%          1
Y - Scorch                Fire           50%        2d7       1%          2
Z - Volatile Blastmotes   Fire/Tloc      50%        2d14      4%          3
Your spell library was empty.

Inventory:

Missiles
 l - a throwing net {=f}
Armour
 a - a +0 robe (worn)
 o - a +0 cloak (worn)
Jewellery
 v - a ring of see invisible (right hand)
 C - a ring of ice (left hand)
 R - a ring of resist corrosion
Scrolls
 d - 3 scrolls of identify {unknown}
 e - 3 scrolls of vulnerability {unknown}
 g - a scroll of enchant armour {unknown}
 m - a scroll of immolation {unknown}
 n - a scroll of teleportation {unknown}
Potions
 b - 3 potions of curing {unknown}
 c - a potion of lignification {unknown}
 f - a potion of mutation {unknown}
 h - a potion of attraction {unknown}
 i - a potion of haste {unknown}
 j - 3 potions of heal wounds {unknown}
 k - a potion of cancellation {unknown}

Dungeon Overview and Level Annotations

Branches:
Dungeon (4/15)             Temple (0/1) D:4

Altars:

.......# ######.# §≈≈# #.#
§≈≈# #.# §§≈# #.# ≈≈≈###.#
######## ▒▒▒#...# #......#
.....#####......#########...
▒▒▒#.#..........@ggg........
≈≈≈#.#.###.........r........
§≈≈#.#.#.......r....g.......
≈≈≈#.#.#.#................(.
§≈§#.#.#.#..................
####.#.#.#..................
............................
....>......................#
....######........


You could see a gnoll bouda, 3 gnolls and 2 friendly quokkas.


Message History

The gnoll hits your rat with a +0 club!
Your rat dies!
Your rat's corpse disappears in a puff of smoke!
Casting: Summon Small Mammal (safe; 1% risk of failure)
Confirm with . or Enter, or press ? or * to list all spells.
* * * LOW HITPOINT WARNING * * *
The gnoll hits you with a +0 flail!
* * * LOW HITPOINT WARNING * * *
The gnoll attacks as you move away! The gnoll closely misses you.
Your attacks no longer feel as feeble.
The gnoll barely misses your quokka.
Your quokka bites the gnoll.
The gnoll closely misses you.
The gnoll bouda unwields a +0 sling.
The gnoll bouda wields a +0 club.
The gnoll bouda closely misses your quokka.
The gnoll closely misses your quokka. x2; Your quokka bites the gnoll.
Okay, then.
Okay, then.
The gnoll attacks as you move away! The gnoll closely misses you.
The gnoll bouda unwields a +0 club.
The gnoll bouda wields a +0 sling.
The gnoll bouda shoots a sling bullet.
The sling bullet hits your quokka. The gnoll misses your quokka.
Your quokka bites the gnoll.
Casting: Summon Small Mammal (safe; 1% risk of failure)
Confirm with . or Enter, or press ? or * to list all spells.
* * * LOW HITPOINT WARNING * * *
Your quokka bites the gnoll but does no damage.
The gnoll barely misses you.
The gnoll bouda shoots a sling bullet.
The sling bullet closely misses your quokka.
The sling bullet barely misses the gnoll.
The sling bullet hits you!
You die...

Skill      XL: |  1  2  3  4  5 |
---------------+----------------+-----
Spellcasting   | 4 5 |  5.3
Conjurations   | 4 5 |  5.3
Hexes          | 4 5 |  5.3
Summonings     | 4 5 |  5.3
Necromancy     | 4 5 |  5.3
Translocations | 4 5 |  5.3
Transmutations | 4 5 |  5.3
Fire Magic     | 4 5 |  5.3
Ice Magic      | 4 5 |  5.3
Air Magic      | 4 5 |  5.3
Earth Magic    | 4 5 |  5.3
Poison Magic   | 4 5 |  5.3
Dodging        | |  2.1
Stealth        | |  1.5

Action                     |  1- 3 |  4- 6 || total
---------------------------+-------+-------++-------
   Cast: Foxfire           |    62 |    49 ||   111
         Scorch            |     9 |    14 ||    23
         Summon Small Mamm |     2 |     5 ||     7
         Call Imp          |       |     1 ||     1
 Armour: Robe              |     2 |       ||     2
  Dodge: Dodged            |     5 |     8 ||    13

Levels and vault maps discovered:
D:1:      saegor_arrival_simple_b, layout_rooms, chequers_serial_rivers_micro_d
D:2:      layout_loops_ring, serial_co_window_serial, co_window_paths_a,
          co_window_corner_a, co_window_of_opportunity_a,
          co_window_of_opportunity_a, co_window_of_opportunity_a,
          co_window_corner_a, co_window_corner_b, co_window_unsneaky_path_e,
          co_window_corner_cb, co_window_2corner, co_window_of_opportunity_b,
          co_window_2corner, co_window_2corner, co_window_4corner_a,
          glass_columns_c, glass_columns_a, glass_columns_c, glass_columns_a
D:3:      layout_rooms, minmay_surrounded
D:4:      layout_basic, minmay_temple_entry_poolview

Notes
Turn   | Place    | Note
-------+----------+-------------------------------------------
     0 | D:1      | Reached skill level 3 in Spellcasting
     0 | D:1      | Reached skill level 3 in Conjurations
     0 | D:1      | Reached skill level 3 in Hexes
     0 | D:1      | Reached skill level 3 in Summonings
     0 | D:1      | Reached skill level 3 in Necromancy
     0 | D:1      | Reached skill level 3 in Translocations
     0 | D:1      | Reached skill level 3 in Transmutations
     0 | D:1      | Reached skill level 3 in Fire Magic
     0 | D:1      | Reached skill level 3 in Ice Magic
     0 | D:1      | Reached skill level 3 in Air Magic
     0 | D:1      | Reached skill level 3 in Earth Magic
     0 | D:1      | Reached skill level 3 in Poison Magic
     0 | D:1      | AIAndy the Djinni Fire Elementalist began the quest for the
                  | Orb.
     0 | D:1      | AIAndy set off with the following spells memorised:
                  | Foxfire, Scorch, Volatile Blastmotes, Inner Flame, Flame
                  | Wave.
     0 | D:1      | Reached XP level 1. HP: 15/15 MP: 0/0
    67 | D:1      | Reached XP level 2. HP: 19/21 MP: 0/0
   231 | D:1      | Reached XP level 3. HP: 21/25 MP: 0/0
   231 | D:1      | Learned a level 1 spell: Summon Small Mammal
  1472 | D:2      | Reached skill level 4 in Spellcasting
  1472 | D:2      | Reached skill level 4 in Conjurations
  1472 | D:2      | Reached skill level 4 in Hexes
  1472 | D:2      | Reached skill level 4 in Summonings
  1472 | D:2      | Reached skill level 4 in Necromancy
  1472 | D:2      | Reached skill level 4 in Translocations
  1472 | D:2      | Reached skill level 4 in Transmutations
  1472 | D:2      | Reached skill level 4 in Fire Magic
  1472 | D:2      | Reached skill level 4 in Ice Magic
  1472 | D:2      | Reached skill level 4 in Air Magic
  1472 | D:2      | Reached skill level 4 in Earth Magic
  1472 | D:2      | Reached skill level 4 in Poison Magic
  1472 | D:2      | Reached XP level 4. HP: 19/31 MP: 0/0
  1693 | D:3      | Reached XP level 5. HP: 30/35 MP: 0/0
  1693 | D:3      | Learned a level 2 spell: Call Imp
  2212 | D:4      | Reached skill level 5 in Spellcasting
  2212 | D:4      | Reached skill level 5 in Conjurations
  2212 | D:4      | Reached skill level 5 in Hexes
  2212 | D:4      | Reached skill level 5 in Summonings
  2212 | D:4      | Reached skill level 5 in Necromancy
  2212 | D:4      | Reached skill level 5 in Translocations
  2212 | D:4      | Reached skill level 5 in Transmutations
  2212 | D:4      | Reached skill level 5 in Fire Magic
  2212 | D:4      | Reached skill level 5 in Ice Magic
  2212 | D:4      | Reached skill level 5 in Air Magic
  2212 | D:4      | Reached skill level 5 in Earth Magic
  2212 | D:4      | Reached skill level 5 in Poison Magic
  2212 | D:4      | Reached XP level 6. HP: 13/40 MP: 0/0
  2370 | D:4      | Found a staircase to the Ecumenical Temple.
  2466 | D:4      | HP: 4/40 [gnoll/+0 flail[a gnoll bouda] (7)]
  2470 | D:4      | Shot with a sling bullet by a gnoll bouda

Vanquished Creatures
  A scorpion (D:4)
  A hound (D:3)
  An iguana (D:4)
  4 gnolls (D:3)
  4 adders
  3 dart slugs
  An orc (D:3)
  4 ball pythons (D:1)
  5 endoplasms
  7 goblins
  8 hobgoblins
  A quokka (D:1)
  2 bats (D:1)
  3 frilled lizards
  7 kobolds
  8 rats
60 creatures vanquished.

Vanquished Creatures (others)
  182 foxfires
182 creatures vanquished.

Grand Total: 242 creatures vanquished

Table legend: (Time is in decaauts)
 A = Elapsed time spent in this place.
 B = Non-inter-level travel time spent in this place.
 C = Inter-level travel time spent in this place.
 D = Time resting spent in this place.
 E = Time spent auto-exploring this place.
 F = Levels seen in this place.
 G = Mean time per level.
                   A        B        C        D        E       F      G
               +--------+--------+--------+--------+--------+-----+--------+
         Total |   2467 |   2394 |     73 |      0 |   2024 |   4 |  616.8 |
       Dungeon |   2467 |   2394 |     73 |      0 |   2024 |   4 |  616.8 |
               +--------+--------+--------+--------+--------+-----+--------+

Top non-repeatable levels by time:
     D:2: 1073 daAuts
     D:3: 567 daAuts
     D:1: 559 daAuts
     D:4: 266 daAuts

Table legend:
 A = Non-vault XP
 B = Vault XP
 C = Vault XP percentage of total XP
 D = Non-vault monster count
 E = Vault monster count
 F = Vault count percentage of total count
                 A         B        C        D         E       F
            +---------+---------+-------+---------+---------+-------
      Total |     353 |       3 |   0.8 |      58 |       2 |   3.3
            +---------+---------+-------+---------+---------+-------
        D:1 |      42 |       0 |   0.0 |      25 |       0 |   0.0
        D:2 |      47 |       0 |   0.0 |      12 |       0 |   0.0
        D:3 |     142 |       3 |   2.1 |      17 |       2 |  10.5
        D:4 |     122 |       0 |   0.0 |       4 |       0 |   0.0
            +---------+---------+-------+---------+---------+-------
